 Dungeon Crawl Stone Soup version 0.30.0-3-ga4e48a9924 (webtiles) character file.

Game seed: 449447393517927687

54 RascalDebosk the Magician (level 4, -17/34 HPs)
             Began as a Djinni Warper on May 7, 2023.
             Killed from afar by Terence (19 damage)
             ... with a bolt of light
             ... on level 2 of the Dungeon.
             The game lasted 00:09:42 (1353 turns).

RascalDebosk the Magician (Djinni Warper)           Turns: 1353, Time: 00:09:42

Health: -17/34     AC:  4    Str: 10    XL:     4   Next: 12%
Gold:   79         EV: 11    Int: 19    God:
                   SH:  0    Dex: 13

rFire   + + .        s - +4 short sword of the Twenty Wars {heavy, Int+3}
rCold   x . .        (no shield)
rNeg    . . .        b - +0 leather armour
rPois   ∞            (no helmet)
rElec   .            l - +0 cloak
rCorr   .            (no gloves)
SInv    .            (boots unavailable)
Will    .....        n - amulet of regeneration
Stlth   +            (no ring)
HPRegen 1.05/turn    (no ring)
MPRegen 0.00/turn

%: infuse magic (-18 HP)
@: flying
A: sickness immunity, fire resistance 2, cold vulnerability 1, float, innate
caster, HP casting, extra vitality 1
a: no special abilities


You were on level 2 of the Dungeon.
You visited 1 branch of the dungeon, and saw 2 of its levels.

You collected 79 gold pieces.

Inventory:

Hand Weapons
 a - a +0 falchion
 s - the +4 short sword of the Twenty Wars (weapon) {heavy, Int+3}
   (You found it on level 2 of the Dungeon)

   Int:       It affects your intelligence (+3).
Missiles
 d - 7 boomerangs of dispersal (quivered)
Armour
 b - a +0 leather armour (worn)
 l - a +0 cloak (worn)
Jewellery
 n - an amulet of regeneration (around neck)
Scrolls
 c - a scroll of teleportation {unknown}
 f - 3 scrolls of identify {unknown}
 g - a scroll of blinking
 h - a scroll of magic mapping {unknown}
 j - a scroll of acquirement {unknown}
 m - a scroll of enchant weapon {unknown}
 o - a scroll of butterflies {unknown}
Potions
 e - 2 potions of degeneration {unknown}
 i - a potion of magic {unknown}
 k - 2 potions of heal wounds {unknown}
 p - a potion of flight {unknown}
 q - a potion of curing {unknown}
 r - a potion of lignification {unknown}


   Skills:
 * Level 2.8 Fighting
 + Level 0.0(1.2) Short Blades
 - Level 2.1 Long Blades
 - Level 0.7 Throwing
 + Level 1.7 Armour
 - Level 2.1 Dodging
 * Level 2.9 Spellcasting


You knew the following spells:

 Your Spells              Type           Power      Damage    Failure   Level
a - Blink                 Tloc           26%        N/A       10%         2
b - Lesser Beckoning      Tloc           26%        N/A       10%         2
c - Vhi's Electric Charg  Tloc/Air       26%        N/A       19%         3
d - Teleport Other        Tloc           13%        N/A       19%         3
e - Manifold Assault      Tloc           13%        N/A       52%         4
f - Necrotise             Necr           52%        1d6       6%          1
Your spell library was empty.

Dungeon Overview and Level Annotations

Branches:
Dungeon (2/15)

Altars:

Shops:
D:1 :

Annotations:
D:2 Terence


Innate Abilities, Weirdness & Mutations

You are immune to sickness and miasma.
You are immune to poison.
Your flesh is very heat resistant. (rF++)
You are vulnerable to cold. (rC-)
You float through the air rather than walking.
You learn spells naturally, not from books.
Your magical power is your life essence.
You have superior vitality. (+4 MHP)


Message History

You closely miss the adder. The adder bites you.
The adder bites you but does no damage.
You barely miss the adder. The adder bites you but does no damage.
You closely miss the adder. The adder bites you. The adder closely misses you.
You closely miss the adder. The adder bites you.
You hit the adder.
The adder is moderately wounded.
The adder barely misses you. The adder bites you.
You miss the adder.
The adder is moderately wounded.
The adder bites you.
You hit the adder.
The adder is severely wounded.
The adder barely misses you. The adder bites you but does no damage.
You completely miss the adder.
The adder is severely wounded.
The adder bites you.
You barely miss the adder.
The adder is severely wounded.
The adder closely misses you. x2
You closely miss the adder.
The adder is severely wounded.
The adder barely misses you. The adder bites you but does no damage.
You closely miss the adder.
The adder is severely wounded.
The adder closely misses you.
You slash the adder!
You kill the adder!
You have reached level 4!
You feel agile.
p - an inky potion
Found 2 gold pieces.
A kobold and a goblin come into view.
The kobold shouts!
Found a glimmering short sword.
You see here a sapphire potion.
You see here a dark potion.
q - a dark potion You see here a sapphire potion.
r - a sapphire potion The goblin attacks as you move away!
The goblin closely misses you. The kobold hits you but does no damage.
You barely miss the kobold. The kobold hits you but does no damage.
You closely miss the kobold. The kobold hits you with a +0 club.
The goblin hits you with a +0 dagger.
You barely miss the kobold. The kobold barely misses you.
The goblin hits you with a +0 dagger.
You hit the kobold. You punch the kobold.
You kill the kobold!
The goblin closely misses you.
You hit the goblin.
You kill the goblin!
Things that are here:
a +0 dagger; a goblin corpse
There is a stone staircase leading down here.
You now have 79 gold pieces (gained 2).
A kobold comes into view. It is wielding a +0 dagger.
The kobold shouts!
The kobold throws a stone.
The stone hits you but does no damage.
The kobold throws a stone.
The stone misses you.
The kobold throws a stone.
The stone closely misses you.
The kobold throws a stone.
The stone hits you but does no damage.
Found a stone staircase leading up.
The kobold hits you but does no damage.
You slash the kobold!
You kill the kobold!
Things that are here:
a +0 dagger; 3 stones
Things that are here:
a +0 dagger; 3 stones You see here the +4 short sword of the Twenty Wars {heavy, Int+3}.
You start waiting.
Done waiting.
You see here the +4 short sword of the Twenty Wars {heavy, Int+3}.
s - the +4 short sword of the Twenty Wars {heavy, Int+3} You feel clever.
s - the +4 short sword of the Twenty Wars (weapon)
{heavy, Int+3} Terence the Incautious comes into view.
He is wielding a +0 trident and carrying a wand of light (11).
Found 2 scrolls labelled NOMIFYNAXO.
Terence shouts!
You hear a shout!
Terence zaps a wand.
The bolt of light misses you.
Terence zaps a wand.
The bolt of light hits you!!
Ouch! That really hurt!
* * * LOW HITPOINT WARNING * * *
Casting: Vhi's Electric Charge (quite dangerous; 19% risk of failure)
Confirm with . or Enter, or press ? or * to list all spells.
The spell is quite dangerous to miscast (19% risk of failure)!
Continue anyway?
Aiming: Teleport Other (quite dangerous; 19% risk of failure)
Press: ? - help, Shift-Dir - straight line, f - Terence
Aim: Terence, wielding a +0 trident, wearing a +0 chain mail and carrying a wand of light (9) (chance to affect: 61%) Terence looks slightly unstable.
* * * LOW HITPOINT WARNING * * *
Terence zaps a wand.
The bolt of light hits you!
* * * LOW HITPOINT WARNING * * *
Terence zaps a wand.
The bolt of light hits you!!
Ouch! That really hurt!
You die...

...# #.......#
...#####.......#
...#.##.....####
..........÷)#
.....#......#
.....#.....##
#...........######
#....#.>.........###
(......#.#...##.@..#
.....>.#....######.#
.....................
.##............#.PP.P@.
..)................P.P...
..)#..........P.P♣♣......
...............P♣P ...P..
♣.♣...>.........♣ ......
....#.........PP♣


You could see Terence (teleporting).

Vanquished Creatures
  An adder (D:2)
  2 endoplasms (D:1)
  8 goblins
  8 hobgoblins
  4 jackals (D:1)
  3 kobolds
  A quokka (D:1)
  2 ball pythons
  5 bats
  2 frilled lizards
  2 rats (D:2)
38 creatures vanquished.

Vanquished Creatures (others)
  A plant (D:2)
1 creature vanquished.

Grand Total: 39 creatures vanquished

Notes
Turn   | Place    | Note
-------+----------+-------------------------------------------
     0 | D:1      | RascalDebosk the Djinni Warper began the quest for the Orb.
     0 | D:1      | RascalDebosk set off with the following spells memorised:
                  | Blink, Lesser Beckoning, Vhi's Electric Charge, Teleport
                  | Other, Manifold Assault.
     0 | D:1      | Reached XP level 1. HP: 18/18 MP: 0/0
   223 | D:1      | Reached XP level 2. HP: 23/23 MP: 0/0
   620 | D:1      | Found Norhem's Book Shoppe.
   823 | D:2      | Reached XP level 3. HP: 29/29 MP: 0/0
   823 | D:2      | Learned a level 1 spell: Necrotise
  1188 | D:2      | Reached XP level 4. HP: 34/34 MP: 0/0
  1236 | D:2      | Identified the +4 short sword of the Twenty Wars {heavy,
                  | Int+3}
  1348 | D:2      | Noticed Terence
  1352 | D:2      | HP: 1/34 [Terence/bolt of light (12)]
  1353 | D:2      | Killed from afar by Terence

Illustrated notes

Levels and vault maps discovered:
D:1:      lemuel_arrival_cross, layout_loops_ring, serial_shops, shop
D:2:      cheibrodos_greedy_goblins, layout_rooms, serial_forest,
          infiniplex_forest_end_3, infiniplex_forest_clump_C,
          infiniplex_forest_lined_room_2, infiniplex_forest_3_way,
          infiniplex_forest_lined_3, infiniplex_forest_fountain, uniq_terence

Skill      XL: |  1  2 |
---------------+-------+-----
Long Blades    | 2 |  2.1
Fighting       | |  2.8
Throwing       | |  0.7
Armour         | |  1.7
Dodging        | |  2.1
Spellcasting   | |  2.9

Action                     |  1- 3 |  4- 6 || total
---------------------------+-------+-------++-------
  Melee: Falchion          |   124 |     6 ||   130
         Punch             |     2 |     1 ||     3
   Cast: Necrotise         |    11 |       ||    11
         Blink             |     1 |       ||     1
         Vhi's Electric Ch |     1 |       ||     1
         Teleport Other    |       |     1 ||     1
   Stab: Sleeping          |     1 |       ||     1
 Armour: Leather armour    |    49 |     5 ||    54
  Dodge: Dodged            |   111 |     6 ||   117
